 Dungeon Crawl Stone Soup version 0.26.1-11-gd32895ea62 (webtiles) character file.

Game seed: 11156884518492972024

21 promet the Firebug (level 2, -5/15 HPs)
             Began as a Deep Elf Fire Elementalist on June 10, 2021.
             Was an Initiate of Nemelex Xobeh.
             Slain by an ogre
             ... wielding a +0 giant club
              (15 damage)
             ... on level 2 of the Dungeon.
             The game lasted 00:06:01 (1432 turns).

promet the Firebug (Deep Elf Fire Elementalist)     Turns: 1432, Time: 00:06:01

Health: -5/15      AC:  2    Str:  5    XL:     2   Next: 65%
Magic:  7/8        EV: 13    Int: 19    God:    Nemelex Xobeh [......]
Gold:   85         SH:  0    Dex: 15    Spells: 7/8 levels left

rFire    . . .     SeeInvis .   a - +1 hand axe
rCold    . . .     Faith    .   (no shield)
rNeg     . . .     Spirit   .   c - +0 robe
rPois    .         Reflect  .   (no helmet)
rElec    .         Harm     .   (no cloak)
rCorr    .         Rampage  .   (no gloves)
Will     .....                  (no boots)
Stlth    ++........             (no amulet)
HPRegen  0.05/turn              (no ring)
MPRegen  0.11/turn              (no ring)

@: lethally poisoned (-5 -> -17), about to teleport
A: no striking features
a: Renounce Religion, Draw Escape, Draw Destruction, Draw Summoning


You were on level 2 of the Dungeon.
You worshipped Nemelex Xobeh.
Nemelex Xobeh was noncommittal.
You visited 1 branch of the dungeon, and saw 2 of its levels.

You collected 85 gold pieces.

Inventory:

Hand Weapons
 a - a +1 hand axe (weapon)
 g - a +0 mace
Missiles
 f - 16 sling bullets
 h - 25 stones
Armour
 c - a +0 robe (worn)
 d - a cursed +0 leather armour
 k - a +0 pair of boots
Scrolls
 e - 4 scrolls of identify
Potions
 i - a potion of cancellation {unknown}


   Skills:
 + Level 2.8 Dodging
 * Level 2.9 Stealth
 + Level 3.5 Spellcasting
 + Level 1.2 Conjurations
 + Level 3.6 Fire Magic


You had 7 spell levels left.
You knew the following spells:

 Your Spells              Type           Power        Failure   Level
a - Foxfire               Conj/Fire      48%          5%          1

Your spell library contained the following spells:

 Spells                   Type           Power        Failure   Level
 Conjure Flame            Conj/Fire      12%          16%         3
 Inner Flame              Hex/Fire       10%          21%         3
 Sticky Flame             Conj/Fire      12%          47%         4
 Fireball                 Conj/Fire      6%           83%         5


Dungeon Overview and Level Annotations

Branches:
Dungeon (2/15)

Altars:
Nemelex Xobeh


Message History

Your foxfire dissipates!
The foxfire hits the ogre.
The ogre is lightly wounded.
The bat hits you. The bat barely misses you.
The kobold throws a stone.
The stone closely misses you.
You see here a stone.
A worker ant comes into view.
The kobold throws a stone.
The stone hits you but does no damage. The worker ant barely misses you.
There is a stone staircase leading up here.
As you read the scroll of teleportation, it crumbles to dust.
You feel strangely unstable. The ogre barely misses you.
The worker ant bites you.
You can't go down here!
The worker ant bites you.
You are lethally poisoned!
The worker ant poisons you! The ogre hits you with a +0 giant club!
Ouch! That really hurt!
You die...
Your body disappears without a glow.

..#).####.#
.###..#...#
#'#'#...### ## ##
##.###..# #. .#
#._.###.# #.##.#
##.###..######.#..
#####...#....#...#
.###..#....#.##..####
..#.....>..#.##.@B..#
.............##O###.#
..........###.(b.#
......###.# #.#..####
......# #.###.#.....#
......#
#.#...#.......
#######
#.#.#.........
#...#.######.#
###...# .#


You could see an ogre, a worker ant and a bat.

Vanquished Creatures
  3 dart slugs (D:1)
  2 bats (D:1)
  A goblin (D:2)
  3 hobgoblins
  2 kobolds
  3 rats
14 creatures vanquished.

Vanquished Creatures (others)
  31 foxfires
31 creatures vanquished.

Grand Total: 45 creatures vanquished

Notes
Turn   | Place    | Note
-------+----------+-------------------------------------------
     0 | D:1      | promet the Deep Elf Fire Elementalist began the quest for
                  | the Orb.
     0 | D:1      | Reached XP level 1. HP: 10/10 MP: 6/6
   522 | D:1      | Reached XP level 2. HP: 15/15 MP: 6/8
  1339 | D:2      | Found a sparkling altar of Nemelex Xobeh.
  1382 | D:2      | Became a worshipper of Nemelex Xobeh the Trickster
  1415 | D:2      | Noticed an ogre
  1432 | D:2      | Slain by an ogre

Illustrated notes

Levels and vault maps discovered:
D:1:      onia_arrival_pyramid, layout_basic, minmay_crystal_water,
          hangedman_decor_lopped
D:2:      layout_basic, chequers_ecumenical_altar_simple,
          nemelex_diamond_rough_becter

Action                   || total
-------------------------++-------
Melee: Hand axe          ||    15
       Unarmed           ||     1
 Cast: Foxfire           ||    25
  Use: Scroll            ||     7
Armor: Robe              ||     3
Dodge: Dodged            ||    22
